 Dungeon Crawl Stone Soup version 0.24-a0-346-ge062c78e24 (webtiles) character file.

Game seed: 4555751319776849143

3560 Geomchi the Transmogrifier (level 10, -10/80 HPs)
             Began as a Merfolk Transmuter on May 22, 2019.
             Was an Initiate of Makhleb.
             Mangled by a hornet (15 damage)
             ... while paralysed by a hornet
             ... on level 8 of the Dungeon.
             The game lasted 00:14:43 (11130 turns).

Geomchi the Transmogrifier (Merfolk Transmuter)    Turns: 11130, Time: 00:14:44

Health: -10/80     AC:  2    Str: 11    XL:     10   Next: 9%
Magic:  13/13      EV:  2    Int: 16    God:    Makhleb [......]
Gold:   548        SH:  0    Dex: 14    Spells: 5/13 levels left

rFire    . . .     SeeInvis .     - Unarmed
rCold    . . .     Gourm    .   (no shield)
rNeg     . . .     Faith    .   b - +0 robe
rPois    .         Spirit   .   (no helmet)
rElec    .         Reflect  .   (no cloak)
rCorr    .         Harm     .   (no gloves)
MR       .....                  (no boots)
Stlth    +.........             D - amulet of the acrobat
HPRegen  0.23/turn              C - +2 ring of evasion
MPRegen  0.13/turn              A - +3 ring of evasion

@: paralysed, lethally poisoned (-10 -> -27), slowed
A: change form in water, swift swim, stealthy swim
a: Renounce Religion


You were on level 8 of the Dungeon.
You worshipped Makhleb.
Makhleb was noncommittal.
You were not hungry.

You visited 2 branches of the dungeon, and saw 9 of its levels.
You also visited: Ossuary.

You collected 548 gold pieces.

Inventory:

Missiles
 a - 125 arrows
Armour
 b - a +0 robe (worn)
Jewellery
 c - an uncursed amulet of guardian spirit
 k - an uncursed ring of poison resistance
 A - a +3 ring of evasion (right hand)
 B - an uncursed amulet of the gourmand
 C - a +2 ring of evasion (left hand)
 D - an amulet of the acrobat (around neck)
 E - an uncursed ring of stealth
 H - an uncursed ring of flight
Wands
 v - a wand of flame (15)
 w - a wand of disintegration (16)
 F - a wand of random effects (9)
Scrolls
 g - 2 scrolls of random uselessness {unknown}
 i - 4 scrolls of teleportation {unknown}
 j - 2 scrolls of identify
 n - 2 scrolls of immolation {unknown}
 p - 4 scrolls of enchant weapon {unknown}
 q - 4 scrolls of remove curse {unknown}
 r - 3 scrolls of amnesia {unknown}
 u - 2 scrolls of magic mapping {unknown}
 y - a scroll of blinking {unknown}
 I - a scroll of acquirement {unknown}
Potions
 e - a potion of flight
 f - a potion of haste
 h - a potion of cancellation
 l - 2 potions of mutation
 m - a potion of brilliance
 o - 3 potions of curing
 s - 2 potions of heal wounds
 t - a potion of agility
 x - 2 potions of invisibility
 z - a potion of lignification
Comestibles
 d - 7 rations
 G - 3 chunks of flesh {@w0}


   Skills:
 + Level 7.9 Fighting
 - Level 2.6 Dodging
 + Level 8.5 Unarmed Combat
 + Level 2.4 Spellcasting
 + Level 9.6 Transmutations
 - Level 6.1 Ice Magic
 - Level 3.3 Poison Magic


You had 5 spell levels left.
You knew the following spells:

 Your Spells              Type           Power        Failure   Level  Hunger
a - Beastly Appendage     Tmut           ####..       1%          1    #......
b - Spider Form           Tmut/Pois      ###.......   4%          3    ###....
c - Ice Form              Ice/Tmut       ####....     8%          4    #####..

Your spell library contained the following spells:

 Spells                   Type           Power        Failure   Level  Hunger
 Sticks to Snakes         Tmut           ####....     1%          2    ###....
 Blade Hands              Tmut           ####......   11%         5    ######.


Dungeon Overview and Level Annotations

Branches:
Dungeon (8/15)             Temple (1/1) D:6
   Lair: D:8-11

Altars:
Ashenzari
Cheibriados
Dithmenos
Elyvilon
Fedhas
Gozag
Hepliaklqana
Kikubaaqudgha
Makhleb
Nemelex Xobeh
Okawaru
Qazlal
Sif Muna
Trog
Uskayaw
Vehumet
Wu Jian
Xom
Zin
The Shining One


Message History

The worker ant bites you. The hornet stings you.
You feel as though you will be slow longer.
The hornet stings you!
You feel as though you will be slow longer.
You feel sick. The worker ant bites you.
* * * LOW HITPOINT WARNING * * *
The hornet stings you.
* * * LOW HITPOINT WARNING * * *
You are more poisoned.
You feel as though you will be slow longer.
The hornet stings you!
* * * LOW HITPOINT WARNING * * *
You feel as though you will be slow longer.
* * * LOW HITPOINT WARNING * * *
You feel sick.
The hornet stings you but does no damage.
The worker ant bites you.
* * * LOW HITPOINT WARNING * * *
The hornet stings you!
You die...

..#..............................
..#...........#############.#....
...#..........# ###.#....
...##.....#...# #........
......######### #........
...##........## #######........
...#########.#.# ##..............
...# #.##y#y#######........ ...#
#.#.#@# #........ ...# #.##.#a#
#......## ...# #.##.### ########
...# #...#..# ..## #.....## ..#
####### ..# ..# ..#


You could see 2 hornets and a worker ant.

Vanquished Creatures
  A hippogriff (D:8)
  Eustachio (D:6)
  A hungry ghost (D:7)
  Menkaure (D:6)
  An orc warrior (D:6)
  An ice beast (D:8)
  2 sky beasts
  A necrophage (D:8)
  2 ogres
  2 centaurs (D:7)
  A crocodile (D:8)
  A big kobold (D:7)
  Blork the orc (D:6)
  2 elf zombies (Ossuary)
  2 scorpions
  5 wights
  2 electric eels (D:8)
  4 howler monkeys
  2 crimson imps
  2 centaur zombies (Ossuary)
  2 jellies (D:6)
  A quasit (D:5)
  A hound (D:4)
  6 orc wizards
  2 human zombies (Ossuary)
  5 orc priests
  5 bullfrog skeletons
  Jessica (D:3)
  2 iguanas
  3 worker ants
  A big kobold zombie (Ossuary)
  5 hound zombies
  A hound skeleton (D:5)
  4 mummies
  4 gnolls (D:4)
  5 adders
  A shadow imp (D:5)
  An adder skeleton (D:4)
  3 adder zombies (Ossuary)
  4 worms
  3 dart slugs (D:1)
  10 leopard geckos
  19 orcs
  9 bats
  7 giant cockroaches
  12 goblins
  9 hobgoblins
  3 jackals (D:3)
  4 quokkas
  7 frilled lizards
  2 goblin zombies (Ossuary)
  5 hobgoblin zombies (Ossuary)
  4 jackal skeletons
  4 jackal zombies (Ossuary)
  17 kobolds
  5 kobold zombies (Ossuary)
  A quokka skeleton (D:5)
  4 quokka zombies (Ossuary)
  9 rats
  A rat zombie (Ossuary)
227 creatures vanquished.

Notes
Turn   | Place    | Note
-------+----------+-------------------------------------------
     0 | D:1      | Geomchi the Merfolk Transmuter began the quest for the Orb.
     0 | D:1      | Reached XP level 1. HP: 15/15 MP: 3/3
   201 | D:1      | Reached skill level 3 in Transmutations
   201 | D:1      | Reached XP level 2. HP: 12/21 MP: 3/5
   809 | D:1      | Reached XP level 3. HP: 24/27 MP: 6/6
  1596 | D:2      | Learned a level 3 spell: Spider Form
  1803 | D:2      | Reached skill level 4 in Transmutations
  1803 | D:2      | Reached XP level 4. HP: 25/34 MP: 5/7
  2782 | D:2      | Reached XP level 5. HP: 36/41 MP: 6/8
  2892 | D:2      | Found a faded altar of an unknown god.
  3243 | D:3      | Noticed Jessica
  3249 | D:3      | Killed Jessica
  4122 | D:4      | Reached skill level 5 in Transmutations
  4122 | D:4      | Reached XP level 6. HP: 39/48 MP: 4/9
  4196 | D:4      | Reached skill level 5 in Unarmed Combat
  4514 | D:4      | Found a sand-covered staircase.
  4537 | Ossuary  | Entered an ossuary
  4712 | Ossuary  | Reached XP level 7. HP: 29/55 MP: 7/10
  5065 | Ossuary  | Reached skill level 6 in Transmutations
  5317 | Ossuary  | Reached skill level 5 in Fighting
  5723 | D:4      | Reached skill level 7 in Transmutations
  5734 | D:3      | Reached XP level 8. HP: 51/63 MP: 7/11
  6078 | D:4      | Learned a level 4 spell: Ice Form
  6569 | D:5      | Entered Level 5 of the Dungeon
  6579 | D:4      | Reached skill level 1 in Poison Magic
  7008 | D:5      | Found a sparkling altar of Nemelex Xobeh.
  7341 | D:6      | Noticed Menkaure
  7352 | D:6      | Killed Menkaure
  7619 | D:6      | Noticed Blork the orc
  7631 | D:6      | Killed Blork the orc
  7631 | D:6      | Reached skill level 1 in Ice Magic
  7936 | D:6      | Reached skill level 8 in Transmutations
  8028 | D:6      | Reached XP level 9. HP: 44/71 MP: 7/12
  8254 | D:6      | Found a staircase to the Ecumenical Temple.
  8661 | D:6      | Noticed Eustachio
  8677 | D:6      | Killed Eustachio
  8843 | D:7      | You fall into a shaft and drop 1 floor!
  9106 | D:8      | Reached skill level 5 in Ice Magic
  9233 | D:7      | Reached skill level 9 in Transmutations
  9467 | Temple   | Entered the Ecumenical Temple
  9637 | Temple   | Became a worshipper of Makhleb the Destroyer
 10250 | D:7      | Reached XP level 10. HP: 80/80 MP: 8/13
 11127 | D:8      | Paralysed by a hornet for 3 turns
 11130 | D:8      | Mangled by a hornet

Levels and vault maps discovered:
D:1:      lightli_arrival_statue_moat, layout_basic, minmay_close_crescents
D:2:      layout_loops_ring, chequers_ecumenical_altar_twisty,
          kennysheep_generic_room_3
D:3:      layout_basic, uniq_jessica
D:4:      layout_basic, gup_ossuary_entry_pyramid
D:5:      layout_rooms, first_ration, minmay_misc_feat_x,
          nemelex_xobeh_ov_fountains_minmay
D:6:      layout_basic, nicolae_overflow_hidden_temple,
          minmay_temple_entry_hall, moated_statue, uniq_menkaure,
          uniq_eustachio, uniq_blork_the_orc
D:7:      layout_cave_pods
D:8:      statuecave_lemuel, layout_rooms, hangedman_pestilent_swarm,
          dk_rats_in_the_wall
Temple:   regret_index_temple_chain_breaker

Skill      XL: |  1  2  3  4  5  6  7  8  9 |
---------------+----------------------------+-----
Transmutations | 3 4 5 7 8 9 |  9.6
Fighting       | 2 3 4 5 6 7 |  7.9
Unarmed Combat | 4 5 6 7 8 |  8.5
Poison Magic   | 3 |  3.3
Ice Magic      | 2 6 |  6.1
Dodging        | |  2.6
Spellcasting   | |  2.4

Action                   |  1- 3 |  4- 6 |  7- 9 | 10-12 || total
-------------------------+-------+-------+-------+-------++-------
Melee: Unarmed           |   111 |   258 |   405 |    18 ||   792
       Headbutt          |     9 |    10 |     1 |       ||    20
       Punch             |       |     7 |       |       ||     7
 Cast: Beastly Appendage |    29 |    16 |     1 |       ||    46
       Spider Form       |       |    11 |    33 |       ||    44
       Ice Form          |       |       |    16 |     4 ||    20
  Use: Scroll            |       |     6 |     5 |       ||    11
 Stab: Sleeping          |       |     1 |     2 |       ||     3
  Eat: Chunk             |     4 |    11 |    16 |     4 ||    35
       Ration            |       |       |     3 |       ||     3
Armor: Robe              |    26 |    27 |     4 |     1 ||    58
       Skin              |       |     5 |    33 |     3 ||    41
Dodge: Dodged            |    77 |   177 |   346 |    16 ||   616

Table legend:
 A = Non-vault XP
 B = Vault XP
 C = Vault XP percentage of total XP
 D = Non-vault monster count
 E = Vault monster count
 F = Vault count percentage of total count
                 A         B        C        D         E       F
            +---------+---------+-------+---------+---------+-------
      Total |    3991 |    1096 |  21.5 |     179 |      48 |  21.1
            +---------+---------+-------+---------+---------+-------
        D:1 |      47 |       9 |  16.1 |      28 |       3 |   9.7
        D:2 |     115 |       4 |   3.4 |      32 |       2 |   5.9
        D:3 |     138 |      37 |  21.1 |      21 |       1 |   4.5
        D:4 |     536 |      18 |   3.2 |      27 |       1 |   3.6
        D:5 |     333 |       0 |   0.0 |      12 |       0 |   0.0
        D:6 |     614 |     463 |  43.0 |      22 |       3 |  12.0
        D:7 |     915 |       0 |   0.0 |      21 |       0 |   0.0
        D:8 |    1293 |       0 |   0.0 |      16 |       0 |   0.0
    Ossuary |       0 |     565 | 100.0 |       0 |      38 | 100.0
            +---------+---------+-------+---------+---------+-------
